 Dungeon Crawl Stone Soup version 0.17.1-3-g152610e (webtiles) character file.

28 Lucifugo the Skirmisher (level 3, -17/33 HPs)
             Began as a Hill Orc Abyssal Knight on Apr 25, 2016.
             Was a Follower of Nemelex Xobeh.
             Demolished by a small abomination (19 damage)
             ... created by the touch of Lugonu
             ... on level 2 of the Dungeon.
             The game lasted 00:22:24 (1666 turns).

Lucifugo the Skirmisher (Hill Orc Abyssal Knight)   Turns: 1666, Time: 00:22:24

Health: -17/33     AC:  6    Str: 15    XL:     3   Next: 14%
Magic:  4/4        EV:  9    Int: 12    God:    Nemelex Xobeh [*.....]
Gold:   41         SH:  0    Dex: 10    Spells: 0 memorised, 2 levels left

rFire  . . .     SeeInvis .     a - +1 mace
rCold  . . .     Clarity  .     l - +0 scale mail
rNeg   + . .     SustAt   .     (no shield)
rPois  .         Gourm    .     (no helmet)
rElec  .         Spirit   .     (no cloak)
rCorr  .         Warding  .     (no gloves)
rMut   .         NoTele   +     (no boots)
MR     .....                    (no amulet)
Stlth  ..........               i - ring of teleportation (curse)
                                f - ring of positive energy

@: cannot translocate, not resistant to hostile enchantments, extremely
unstealthy
A: no striking features
a: Renounce Religion, Evoke Teleportation


You were on level 2 of the Dungeon.
You worshipped Nemelex Xobeh.
Nemelex Xobeh was aware of your devotion.
You were not hungry.

You visited 1 branch of the dungeon, and saw 2 of its levels.
You visited the Abyss 1 time.

You collected 41 gold pieces.

Inventory:

Hand Weapons
 a - a +1 mace (weapon)
 e - a +0 mace
Armour
 b - a +0 leather armour
 h - a +0 leather armour
 l - a +0 scale mail (worn)
Jewellery
 f - a ring of positive energy (left hand)
 i - a cursed ring of teleportation (right hand)
Scrolls
 c - a scroll of random uselessness {unknown}
 d - 3 scrolls of identify {unknown}
 o - a scroll of enchant weapon {unknown}
Miscellaneous
 n - a plain deck of war
Comestibles
 g - a beef jerky
 j - 2 royal jellies
 k - a slice of pizza
 m - a bread ration


   Skills:
 + Level 4.2 Fighting
 + Level 2.3 Maces & Flails
 + Level 2.5 Armour
 + Level 1.3 Dodging
 + Level 0.1 Stealth
   Level 2.5 Invocations


You had 2 spell levels left.
You didn't know any spells.

Dungeon Overview and Level Annotations

Branches:
Dungeon (2/15)

Altars:
Nemelex Xobeh

Annotations:
D:1 6


Message History

You are crushed and pinned by an extremely strong localised spatial distortion!
Ouch! That really hurt!
* * * LOW HITPOINT WARNING * * *
Lugonu sends minions to punish you.
A small abomination comes into view.
A kobold comes into view. It is wielding a short sword.
The kobold shouts!
The kobold hits you but does no damage.
You hit the kobold.
The kobold is heavily wounded.
The kobold closely misses you.
You miss the kobold.
The kobold is heavily wounded.
The kobold hits you but does no damage. The kobold barely misses you.
You hit the kobold.
The kobold is severely wounded.
The small abomination hits you!!
Ouch! That really hurt!
You die...
Your body disappears without a glow.

.... ###.# .# #.# .#
###.# .# ..#.## ..
.....### .# ..#.#..## .#
##
8.#.#...#########.#...##
..†............x@K......
..###...#########+######
..###..## ........#
#####.### #.# #.# #.#


You could see a small abomination and a kobold.

Vanquished Creatures
  A giant cockroach (D:1)
  5 goblins
  6 hobgoblins (D:1)
  4 kobolds (D:1)
  4 bats (D:1)
  4 giant newts
  4 rats
28 creatures vanquished.

Notes
Turn   | Place    | Note
--------------------------------------------------------------
     0 | Abyss:1  | Lucifugo the Hill Orc Abyssal Knight began the quest for the Orb.
     0 | Abyss:1  | Reached XP level 1. HP: 19/19 MP: 2/2
     1 | Abyss:1  | Found a corrupted altar of Lugonu.
    98 | Abyss:1  | Noticed a large abomination
    99 | Abyss:1  | Found a corrupted altar of Lugonu.
   100 | Abyss:1  | Found a corrupted altar of Lugonu.
   111 | D:1      | Escaped the Abyss
   246 | D:1      | Reached skill level 4 in Fighting
   246 | D:1      | Reached XP level 2. HP: 17/27 MP: 3/3
   368 | D:1      | Reached skill level 1 in Dodging
   716 | D:1      | Reached ** piety under Lugonu
  1288 | D:1      | Reached XP level 3. HP: 33/33 MP: 4/4
  1568 | D:2      | Found a faded altar to an unknown god.
  1577 | D:2      | Fell from the grace of Lugonu
  1577 | D:2      | Became a worshipper of Nemelex Xobeh the Trickster
  1577 | D:2      | Received a gift from Nemelex Xobeh
  1577 | D:2      | Reached * piety under Nemelex Xobeh
  1656 | D:2      | HP: 1/33 [something (32)]
  1657 | D:2      | Noticed a small abomination
  1666 | D:2      | Demolished by a small abomination

Action                   || total
-------------------------++-------
Melee: Mace              ||    91
  Eat: Bread ration      ||     1
